 Dungeon Crawl Stone Soup version 0.28.0-43-g3370ac3207 (webtiles) character file.

Game seed: 15786900580530832941

29 Kaiern the Shooter (level 3, -2/20 HPs)
             Began as a Tengu Arcane Marksman on Mar 18, 2022.
             Slain by a gnoll
             ... wielding a +0 spear
              (6 damage)
             ... on level 1 of the Dungeon.
             The game lasted 00:05:07 (847 turns).

Kaiern the Shooter (Tengu Arcane Marksman)           Turns: 847, Time: 00:05:08

Health: -2/20      AC:  3    Str: 10    XL:     3   Next: 16%
Magic:  6/6        EV: 12    Int: 13    God:
Gold:   24         SH:  0    Dex: 16    Spells: 3/4 levels left

rFire   . . .      SeeInvis .   a - +0 shortbow
rCold   . . .      Faith    .   (shield currently unavailable)
rNeg    . . .      Spirit   .   d - +0 robe
rPois   .          Reflect  .   (helmet restricted)
rElec   .          Harm     .   (no cloak)
rCorr   .          Rampage  .   i - +0 pair of gloves
Will    .....                   (boots unavailable)
Stlth   ++........              (no amulet)
HPRegen 0.06/turn               (no ring)
MPRegen 0.10/turn               (no ring)

@: no status effects
A: beak, talons 3
a: no special abilities


You were on level 1 of the Dungeon.
You visited 1 branch of the dungeon, and saw 2 of its levels.

You collected 24 gold pieces.

Inventory:

Hand Weapons
 a - a +0 shortbow (weapon)
 b - a +0 short sword
Missiles
 c - 24 arrows (quivered ammo)
 h - 30 bolts
Armour
 d - a +0 robe (worn)
 i - a +0 pair of gloves (worn)
Scrolls
 f - 4 scrolls of identify {unknown}
 g - a scroll of fog {unknown}
 k - a scroll of noise {unknown}
Potions
 e - a potion of curing {unknown}
 j - a potion of ambrosia {unknown}


   Skills:
 + Level 1.5 Fighting
 + Level 2.5 Bows
 - Level 2.1 Dodging
 + Level 1.0 Stealth
 + Level 1.4 Spellcasting
 + Level 2.4 Hexes


You had 3 spell levels left.
You knew the following spells:

 Your Spells              Type           Power      Damage    Failure   Level
a - Slow                  Hex            28%        N/A       10%         1

Your spell library contained the following spells:

 Spells                   Type           Power      Damage    Failure   Level
 Inner Flame              Hex/Fire       4%         N/A       45%         3
 Portal Projectile        Hex/Tloc       8%         N/A       45%         3
 Cause Fear               Hex            3%         N/A       69%         4


Dungeon Overview and Level Annotations

Branches:
Dungeon (2/15)

Altars:


Innate Abilities, Weirdness & Mutations

You have a beak for a mouth.
You have claws for feet.


Message History

* * * LOW HITPOINT WARNING * * *
Fire: 30 arrows
Press: ? - help, Q - select action, (/) - cycle Shift-Dir - straight line, f/p - gnoll
Aim: a gnoll, wielding a +0 spear (moderately wounded, 64% to hit)
You shoot an arrow. The arrow hits the gnoll.
The gnoll is heavily wounded.
The gnoll closely misses you.
Fire: 29 arrows
Press: ? - help, Q - select action, (/) - cycle Shift-Dir - straight line, f/p - gnoll
Aim: a gnoll, wielding a +0 spear (heavily wounded, 64% to hit)
You shoot an arrow.
The arrow hits the gnoll but does no damage.
The gnoll is heavily wounded.
The gnoll barely misses you.
Fire: 28 arrows
Press: ? - help, Q - select action, (/) - cycle Shift-Dir - straight line, f/p - gnoll
Aim: a gnoll, wielding a +0 spear (heavily wounded, 64% to hit)
You shoot an arrow. The arrow closely misses the gnoll.
The arrow hits the gnoll!
The gnoll is heavily wounded.
The gnoll hits you from afar with a +0 spear.
* * * LOW HITPOINT WARNING * * *
The gnoll hits you from afar with a +0 spear.
* * * LOW HITPOINT WARNING * * *
Fire: 27 arrows
Press: ? - help, Q - select action, (/) - cycle Shift-Dir - straight line, f/p - gnoll
Aim: a gnoll, wielding a +0 spear (heavily wounded, 64% to hit)
You shoot an arrow. The arrow hits the gnoll.
The gnoll is heavily wounded.
Fire: 26 arrows
Press: ? - help, Q - select action, (/) - cycle Shift-Dir - straight line, f/p - gnoll
Aim: a gnoll, wielding a +0 spear (heavily wounded, 64% to hit)
You shoot an arrow. The arrow barely misses the gnoll.
Fire: 25 arrows
Press: ? - help, Q - select action, (/) - cycle Shift-Dir - straight line, f/p - gnoll
Aim: a gnoll, wielding a +0 spear (heavily wounded, 64% to hit)
You shoot an arrow. The arrow hits the gnoll.
The gnoll is heavily wounded.
The gnoll hits you from afar with a +0 spear.
You die...

.'...'....# ##...####.# ########
##...# #.# #......# ##...# #.#
#......#
##...####.########......#########
'................................
#########.#######################
+.......(....(.....(..(..(.g.....
###....##.#####.@..############..
##.....'..# #....# #...#..
##.g...###### #...g########.#.()#
............###.....g.g......(#.[
............##..[..........#.###.
.......(....##.........)......#..
............##..............#...#
....##......##................#..
....##......##.............#.###.


You could see 2 gnolls.

Vanquished Creatures
  A ball python (D:1)
  3 bats (D:1)
  6 endoplasms (D:1)
  A giant cockroach (D:1)
  A goblin (D:1)
  2 hobgoblins (D:1)
  3 jackals (D:1)
  2 quokkas (D:1)
  3 frilled lizards (D:1)
  2 kobolds (D:1)
24 creatures vanquished.

Notes
Turn   | Place    | Note
-------+----------+-------------------------------------------
     0 | D:1      | Kaiern the Tengu Arcane Marksman began the quest for the
                  | Orb.
     0 | D:1      | Reached XP level 1. HP: 12/12 MP: 3/3
    63 | D:1      | Reached XP level 2. HP: 16/16 MP: 4/4
    71 | D:1      | Found a faded altar of an unknown god.
   539 | D:1      | Reached skill level 1 in Stealth
   555 | D:1      | Reached XP level 3. HP: 18/20 MP: 6/6
   847 | D:1      | Slain by a gnoll

Illustrated notes

Levels and vault maps discovered:
D:1:      wander_arrival_peaceful_grave, layout_basic,
          ebering_ecumenical_altar_box, minmay_misc_feat_four_crosses
D:2:      layout_basic, grunt_ministairs_2, uniq_jessica

Skill      XL: |  1  2 |
---------------+-------+-----
Stealth        | 1 |  1.0
Fighting       | |  1.5
Bows           | |  2.5
Dodging        | |  2.1
Spellcasting   | |  1.4
Hexes          | |  2.4

Action                   || total
-------------------------++-------
Melee: Short sword       ||    12
       Kick              ||     4
 Fire: Shortbow          ||    61
Armor: Robe              ||     7
Dodge: Dodged            ||    24
